 Dungeon Crawl Stone Soup version 0.17.1-3-g152610e (webtiles) character file.

163 Ponchio the Skirmisher (level 5, -12/35 HPs)
             Began as a Gargoyle Fighter on Mar 7, 2016.
             Mangled by an ogre
             ... wielding a +0 giant club
              (17 damage)
             ... on level 3 of the Dungeon.
             The game lasted 00:09:34 (2373 turns).

Ponchio the Skirmisher (Gargoyle Fighter)           Turns: 2373, Time: 00:09:34

Health: -12/35     AC: 12    Str: 20    XL:     5   Next: 44%
Magic:  5/5        EV:  7    Int:  8    God:
Gold:   105        SH: 10    Dex: 10    Spells: 0 memorised, 4 levels left

rFire  . . .     SeeInvis .     a - +0 flail
rCold  . . .     Clarity  .     b - +0 scale mail
rNeg   + . .     SustAt   .     c - +1 shield
rPois  ∞         Gourm    .     (no helmet)
rElec  +         Spirit   .     (no cloak)
rCorr  .         Warding  .     j - +0 pair of gloves
rMut   .         Stasis   .     (no boots)
MR     .....                    (no amulet)
Stlth  +.........               (no ring)
                                t - ring of stealth

@: not resistant to hostile enchantments, very unstealthy
A: negative energy resistance 1, electricity resistance, unbreathing,
petrification resistance, rot immunity, AC +4
a: no special abilities


You were on level 3 of the Dungeon.
You were not hungry.

You visited 1 branch of the dungeon, and saw 4 of its levels.

You collected 105 gold pieces.

Inventory:

Hand Weapons
 a - a +0 flail (weapon)
Armour
 b - a +0 scale mail (worn)
 c - a +1 shield (worn)
 j - a +0 pair of gloves (worn)
Jewellery
 t - a ring of stealth (left hand)
Wands
 z - a wand of frost (23)
Scrolls
 h - a scroll of enchant armour
 k - a scroll of amnesia {unknown}
 l - 2 scrolls of fog {unknown}
 q - a scroll of noise {unknown}
 s - a scroll of magic mapping {unknown}
 v - 2 scrolls of teleportation {unknown}
 y - a scroll of fear {unknown}
Potions
 d - 2 potions of might
 m - a potion of ambrosia
 n - 2 potions of lignification
 o - a potion of flight
 p - a potion of haste
 u - a potion of degeneration
 w - a potion of poison
 x - a potion of agility
Comestibles
 e - 3 bread rations
 r - a slice of pizza


   Skills:
 + Level 5.1 Fighting
 + Level 4.0 Maces & Flails
 - Level 3.2 Armour
 - Level 3.3 Shields


You had 4 spell levels left.
You didn't know any spells.

Dungeon Overview and Level Annotations

Branches:
Dungeon (4/15)
 Temple: D:4-7

Altars:
Ru
Sif Muna


Innate Abilities, Weirdness & Mutations

You are resistant to torment.
Your stone body is resilient (AC +4).
You are immune to poison.
You resist negative energy.
You are resistant to electric shocks.
You can survive without breathing.
You are immune to petrification.
You are immune to rotting.


Message History

You block the ogre's attack.
You climb upwards.
There is a stone staircase leading down here.
You sock the ogre!
The ogre is moderately wounded.
You block the ogre's attack.
You sock the ogre!
The ogre is heavily wounded.
The ogre hits you with a giant club.
Your shield and scale mail prevent you from hitting the ogre.
The ogre is heavily wounded.
The ogre hits you with a giant club!
You sock the ogre!
The ogre is severely wounded.
The ogre hits you with a giant club!
* * * LOW HITPOINT WARNING * * *
You hit the ogre.
The ogre is almost dead.
The ogre hits you with a giant club!
You die...

##############
#............######
#..................
#####..................
#.....#######÷.........
#...............###...#
#...............###...#
#......................
#.....@................
#......O...............
#......................
#..................####
##.....................
#......#'###..........
#......+.###..........
#......#..............
#......#..............


You could see an ogre.

Vanquished Creatures
  Terence (D:2)
  Natasha (D:2)
  4 adders
  5 worms
  An orc (D:3)
  3 giant cockroaches
  8 goblins
  8 hobgoblins
  8 jackals
  6 kobolds
  2 quokkas (D:3)
  A ball python (D:1)
  9 bats
  A giant newt (D:1)
  2 rats
60 creatures vanquished.

Notes
Turn   | Place    | Note
--------------------------------------------------------------
     0 | D:1      | Ponchio the Gargoyle Fighter began the quest for the Orb.
     0 | D:1      | Reached XP level 1. HP: 14/14 MP: 1/1
   105 | D:1      | Reached XP level 2. HP: 19/19 MP: 2/2
   428 | D:1      | Reached XP level 3. HP: 24/24 MP: 3/3
   735 | D:1      | Reached skill level 4 in Fighting
   889 | D:2      | Noticed Terence
   902 | D:2      | Killed Terence
   902 | D:2      | Reached XP level 4. HP: 24/29 MP: 4/4
  1274 | D:2      | Noticed Natasha
  1287 | D:2      | Killed Natasha
  1287 | D:2      | Reached XP level 5. HP: 31/34 MP: 5/5
  1685 | D:2      | Found a sacrificial altar of Ru.
  1685 | D:2      | Found a deep blue altar of Sif Muna.
  1925 | D:3      | Found a faded altar to an unknown god.
  1968 | D:3      | Reached skill level 5 in Fighting
  2362 | D:4      | Noticed an ogre
  2373 | D:3      | Mangled by an ogre

Action                   |  1- 3 |  4- 6 || total
-------------------------+-------+-------++-------
Melee: Flail             |   123 |   145 ||   268
  Use: Scroll            |       |    10 ||    10
  Eat: Chunk             |       |     5 ||     5
